[Event "Titled Tuesday Blitz January 17 Early 2023"]
[White "Kvaloy, Aksel Bu"]
[Black "Wilson, Elvin"]
[WhiteFideId "1528815"]
[BlackFideId "2014874"]
[WhiteElo "2321"]
[BlackElo "2183"]
[Result "1-0"]
[Round "06"]
[TimeControl "180+2"]
[Date "2023.01.17"]
[WhiteClock "0:00:03"]
[BlackClock "0:00:01"]

1. d4 Nf6 2. c4 e6 3. g3 d5 4. Nf3 Bb4+ 5. Bd2 Be7 6. Bg2 O-O 7. O-O c6 8. Qc2 Nbd7 9. Bf4 Nh5 10. Bc1 b6 11. e4 dxe4 12. Qxe4 Bb7 13. Nc3 Nhf6 14. Qe2 c5 15. Rd1 cxd4 16. Nxd4 Bxg2 17. Kxg2 Qc8 18. b3 a6 19. Bb2 Qc7 20. Qf3 Rac8 21. Rac1 Rfd8 22. h3 Ne5 23. Qe2 Qb7+ 24. Kg1 Bd6 25. Re1 Bb8 26. Ne4 Nxe4 27. Qxe4 Qxe4 28. Rxe4 Nd3 29. Rb1 Nxb2 30. Rxb2 f5 31. Rxe6 Rxd4 32. Rxb6 a5 33. Ra6 Bc7 34. Re2 Kf7 35. Ra7 Rd7 36. Kg2 Rcd8 37. Ra6 Rd6 38. Ra7 R8d7 39. Re5 Bd8 40. Rxf5+ Kg6 41. Rxd7 Rxd7 42. Rb5 Rd2 43. a3 Ra2 44. a4 Rd2 45. b4 axb4 46. Rxb4 Be7 47. Rb5 Rc2 48. Rb6+ Kf7 49. Rc6 Ra2 50. Ra6 Rc2 51. Rc6 Ra2 52. Kf3 Rxa4 53. Ke4 Ra2 54. f3 Rh2 55. h4 Re2+ 56. Kd3 Rg2 57. g4 Bxh4 58. Rc7+ Be7 59. Ke4 Re2+ 60. Kf4 Rc2 61. Rc6 Bf6 62. g5 Be7 63. Kf5 g6+ 64. Ke5 Rc3 65. f4 Re3+ 66. Kd4 Rf3 67. Ke4 Rc3 68. Rc7 Rc1 69. Kd5 Rd1+ 70. Ke4 Rc1 71. Rc6 Re1+ 72. Kf3 Rf1+ 73. Ke3 Rc1 74. Ke4 Re1+ 75. Kf3 Rc1 76. Rc8 Ke6 77. Kg4 Rg1+ 78. Kf3 Rf1+ 79. Ke4 Bd6 80. Re8+ Kd7 81. Rh8 Rxf4+ 82. Kd3 Rf7 83. Ke4 Ke6 84. Kd4 Rd7 85. Ke4 Be7 86. Rxh7 1-0


[Site "https://www.chess.com"]

[Event "Titled Tuesday Blitz January 17 Early 2023"]
[White "Liu, Casper"]
[Black "Pein, Jonathan"]
[WhiteFideId "1454153"]
[BlackFideId "417092"]
[WhiteElo "2278"]
[BlackElo "2265"]
[Result "0-1"]
[Round "06"]
[TimeControl "180+2"]
[Date "2023.01.17"]
[WhiteClock "0:01:15"]
[BlackClock "0:00:12"]

1. d4 Nf6 2. c4 e5 3. Nc3 exd4 4. Qxd4 Nc6 5. Qh4 Be7 6. Bg5 h6 7. O-O-O d6 8. e4 Ne5 9. f4 Ng6 10. Qe1 hxg5 11. fxg5 Ng4 12. Nf3 Bxg5+ 13. Kb1 Bf6 14. Nd5 N4e5 15. h4 Bg4 16. Be2 Bxf3 17. gxf3 c6 18. h5 cxd5 19. hxg6 Nxg6 20. Rxh8+ Nxh8 21. cxd5 Qb6 22. b3 Ng6 23. Qg3 Be5 24. Qh3 a6 25. f4 Bxf4 26. Bg4 Be5 27. Bd7+ Ke7 28. Ba4 Rd8 29. Rf1 Bf6 30. e5 Nxe5 31. Rc1 g6 32. Rf1 Qd4 33. Rc1 b5 34. Rc7+ Rd7 35. Rc1 bxa4 36. Qf1 Qd3+ 37. Qxd3 Nxd3 38. Rh1 axb3 39. a4 Nf4 40. Re1+ Be5 41. Rc1 Nxd5 42. Rc8 Rc7 43. Rh8 Bxh8 44. a5 Rc1+ 45. Kxc1 b2+ 46. Kb1 Nc3+ 47. Kc2 b1=Q+ 48. Kd2 Qd1+ 49. Ke3 Qd4+ 50. Kf3 Nd5 51. Kg3 Kf6 52. Kh3 Kf5 53. Kh2 Qc3 54. Kh1 Ne7 55. Kh2 Qb2+ 56. Kg3 Qc3+ 57. Kh4 Bf6# 0-1


[Site "https://www.chess.com"]

[Event "Titled Tuesday Blitz January 17 Early 2023"]
[White "Ruiz Aguilar, Pablo Alexander"]
[Black "Goltseva, Ekaterina"]
[WhiteFideId "4401352"]
[BlackFideId "24173770"]
[WhiteElo "2161"]
[BlackElo "2283"]
[Result "0-1"]
[Round "06"]
[TimeControl "180+2"]
[Date "2023.01.17"]
[WhiteClock "0:00:15"]
[BlackClock "0:00:18"]

1. e4 c5 2. Nf3 e6 3. d4 cxd4 4. Nxd4 Nf6 5. Nc3 Nc6 6. Ndb5 Bc5 7. a4 O-O 8. Bd3 a6 9. Na3 d5 10. exd5 exd5 11. O-O Bg4 12. Be2 Bf5 13. Bg5 d4 14. Ncb1 Nb4 15. Nd2 Nxc2 16. Nxc2 d3 17. Ne3 dxe2 18. Qxe2 Bd3 19. Qf3 Bxe3 20. fxe3 Bxf1 21. Nxf1 Qd5 22. Bxf6 Qxf3 23. gxf3 gxf6 24. Ng3 Rfd8 25. e4 Rac8 26. Nf5 Kf8 27. Ne3 Rd2 28. b4 Rc3 29. Nd5 Rxf3 30. Rc1 Rff2 31. Rc8+ Kg7 32. Ne3 f5 33. Nxf5+ Kf6 34. Ne3 Rfe2 35. Ng4+ Ke6 36. Re8+ Kd7 37. Nf6+ Kc6 38. Rc8+ Kb6 39. Kf1 Rf2+ 40. Ke1 Rde2+ 41. Kd1 Ra2 42. Nd5+ Ka7 43. Ke1 Rxh2 0-1


[Site "https://www.chess.com"]

[Event "Titled Tuesday Blitz January 17 Early 2023"]
[White "Biastoch, Bennet"]
[Black "Sargissyan, Sargis"]
[WhiteFideId "12939889"]
[BlackFideId "13303210"]
[WhiteElo "2257"]
[BlackElo "2234"]
[Result "0-1"]
[Round "06"]
[TimeControl "180+2"]
[Date "2023.01.17"]
[WhiteClock "0:00:46"]
[BlackClock "0:00:19"]

1. e4 c5 2. Nf3 d6 3. d4 cxd4 4. Nxd4 Nf6 5. Nc3 a6 6. Be3 e5 7. Nb3 Be6 8. f3 Be7 9. Qd2 O-O 10. O-O-O a5 11. a4 Na6 12. g4 Nb4 13. g5 Nh5 14. Kb1 Rc8 15. Bb5 Qc7 16. h4 Rfd8 17. Rh2 d5 18. exd5 Nxd5 19. Nxd5 Rxd5 20. Qe1 Bb4 21. Qg1 e4 22. Rxd5 Bxd5 23. fxe4 Bxe4 24. Nd4 Bd6 25. Rf2 Be5 26. Qd1 Ng3 27. Bd3 Bxd4 28. Bxd4 Rd8 29. Be3 Bxd3 30. cxd3 Ne4 31. Rc2 Qd7 32. Qe2 Nd6 33. Bb6 Re8 34. Qf3 Re1+ 35. Ka2 Qxa4# 0-1


[Site "https://www.chess.com"]

[Event "Titled Tuesday Blitz January 17 Early 2023"]
[White "Mayank Chakraborty"]
[Black "Fernandez Siles, Luis"]
[WhiteFideId "25659766"]
[BlackFideId "2209420"]
[WhiteElo "2025"]
[BlackElo "2218"]
[Result "1-0"]
[Round "06"]
[TimeControl "180+2"]
[Date "2023.01.17"]
[WhiteClock "0:00:18"]
[BlackClock "0:00:18"]

1. e4 c5 2. Nf3 d6 3. d4 cxd4 4. Nxd4 Nf6 5. Nc3 g6 6. Be3 Bg7 7. f3 O-O 8. Qd2 Nc6 9. O-O-O Be6 10. Nxe6 fxe6 11. Bc4 Qc8 12. Bb3 Ne5 13. Qe2 a6 14. f4 Neg4 15. f5 gxf5 16. exf5 d5 17. Bg5 Kh8 18. h3 Nh6 19. fxe6 Nf5 20. Qd3 Ne4 21. Nxe4 dxe4 22. Qd7 Qc5 23. g4 Qe5 24. c3 Ng3 25. Bxe7 Rf2 26. Rhe1 Ne2+ 27. Kb1 Nxc3+ 28. bxc3 Rb2+ 29. Ka1 Qxc3 30. Qd8+ Rxd8 31. Rxd8+ Bf8 32. Rxf8+ Kg7 33. Bf6+ 1-0


[Site "https://www.chess.com"]

[Event "Titled Tuesday Blitz January 17 Early 2023"]
[White "Shuvalov, Evgenij"]
[Black "Benmesbah, Natacha"]
[WhiteFideId "4187237"]
[BlackFideId "642002"]
[WhiteElo "2038"]
[BlackElo "2261"]
[Result "1-0"]
[Round "06"]
[TimeControl "180+2"]
[Date "2023.01.17"]
[WhiteClock "0:01:00"]
[BlackClock "0:01:16"]

1. d4 d6 2. c4 e5 3. e3 c6 4. Nc3 Be7 5. g3 f5 6. Nf3 Nd7 7. Bh3 g6 8. e4 fxe4 9. Nxe4 exd4 10. Nxd4 Ndf6 11. Bg2 Nxe4 12. Bxe4 Nf6 13. Bg2 Bg4 14. Qb3 Qb6 15. Be3 O-O-O 16. Nxc6 Qxb3 17. Nxe7+ Kd7 18. axb3 Kxe7 19. Rxa7 Ra8 20. Rxb7+ Ke6 21. O-O Rhb8 22. Rg7 Ra2 23. Re1 Rxb2 24. f3 1-0


[Site "https://www.chess.com"]

[Event "Titled Tuesday Blitz January 17 Early 2023"]
[White "Hajiyev, Kanan"]
[Black "Hoffmann, Asa"]
[WhiteFideId "13404148"]
[BlackFideId "2001470"]
[WhiteElo "2197"]
[BlackElo "2185"]
[Result "0-1"]
[Round "06"]
[TimeControl "180+2"]
[Date "2023.01.17"]
[WhiteClock "0:00:03"]
[BlackClock "0:00:12"]

1. d4 Nf6 2. c4 c5 3. d5 e5 4. dxe6 fxe6 5. Nc3 d5 6. e4 d4 7. e5 Nfd7 8. Ne4 Nxe5 9. Qh5+ Nf7 10. Nf3 g6 11. Qh3 Nc6 12. Bd3 Bg7 13. O-O O-O 14. Nxc5 e5 15. Qg3 Nd6 16. Bg5 Qb6 17. Ne4 Nf5 18. Qh3 Ne3 19. Qh4 Nxf1 20. Rxf1 Qxb2 21. Nf6+ Bxf6 22. Bxf6 Qb6 23. Bxg6 Qc7 24. Be4 Rxf6 25. Qxf6 Qf7 26. Qg5+ Kf8 27. Bd5 Qg6 28. Qh4 Qf5 29. Qh6+ Ke8 30. Ng5 Ne7 0-1


[Site "https://www.chess.com"]

[Event "Titled Tuesday Blitz January 17 Early 2023"]
[White "Petrova, Irina"]
[Black "Bettalli, Francesco"]
[WhiteFideId "14124122"]
[BlackFideId "2816453"]
[WhiteElo "2108"]
[BlackElo "2252"]
[Result "1/2-1/2"]
[Round "06"]
[TimeControl "180+2"]
[Date "2023.01.17"]
[WhiteClock "0:00:16"]
[BlackClock "0:00:38"]

1. e4 g6 2. d4 Bg7 3. Nc3 c6 4. f4 d6 5. Nf3 h5 6. Bd3 Bg4 7. O-O Nd7 8. h3 Bxd4+ 9. Kh1 Bxf3 10. Qxf3 Bg7 11. Be3 Ngf6 12. Rad1 Qc7 13. e5 dxe5 14. f5 Ng4 15. fxg6 O-O-O 16. Bg1 fxg6 17. Bxg6 Ndf6 18. Rxd8+ Qxd8 19. Bxa7 Qc7 20. Bf5+ Nd7 21. Rd1 Nf6 22. Qg3 Bh6 23. Ne4 Bf4 24. Qg7 Rd8 25. Nxf6 exf6 26. Bxd7+ Rxd7 27. Qg8+ Qd8 28. Qxd8+ Kxd8 29. Bb6+ Ke7 30. Rxd7+ Kxd7 31. g4 hxg4 32. hxg4 Ke6 33. Kg2 f5 34. gxf5+ Kxf5 35. Kf3 e4+ 36. Ke2 Be5 37. c3 Kf4 38. Be3+ Kg4 39. a4 Bc7 40. b4 Kf5 41. b5 cxb5 42. axb5 Ke6 43. c4 Ba5 44. Bd4 Kf5 45. c5 Bc7 46. c6 bxc6 47. bxc6 Ke6 48. Ke3 Kd5 49. Ba7 Bh2 50. Ke2 Kxc6 51. Be3 Kd5 52. Ba7 Bd6 53. Bb6 Kc4 54. Be3 Bb4 55. Bg5 Kd4 56. Bf6+ Kd5 57. Bg5 Bc5 58. Bh6 Kc4 59. Bg5 Bd4 60. Bh6 Kc5 61. Bg5 Kd5 62. Bh6 Bc5 63. Bg5 Bd6 64. Bh6 Be5 65. Bg5 Ke6 66. Bh6 Kf5 67. Be3 Bg3 68. Bb6 Bh2 69. Bc5 Be5 70. Bb6 Ke6 71. Ba7 Kd5 72. Be3 Bh2 73. Bg5 Kc4 74. Bh6 Kd4 75. Bg7+ Kd5 76. Bh6 Ke6 77. Bg5 Ke5 78. Bh6 Kf5 79. Be3 Be5 80. Bb6 Bf4 81. Bc5 Ke5 82. Ba7 Kd5 83. Bb6 Be5 84. Be3 Bd4 85. Bg5 Ke6 86. Bh6 Kf5 87. Bc1 Kg4 88. Be3 Kf5 89. Bxd4 e3 90. Bxe3 1/2-1/2


[Site "https://www.chess.com"]

[Event "Titled Tuesday Blitz January 17 Early 2023"]
[White "Vagman, Roy"]
[Black "TacticalSam94"]
[WhiteFideId "2828995"]
[WhiteElo "2273"]
[BlackElo "2382"]
[Result "1/2-1/2"]
[Round "06"]
[TimeControl "180+2"]
[Date "2023.01.17"]
[WhiteClock "0:00:08"]
[BlackClock "0:00:20"]

1. e4 c5 2. Nf3 d6 3. d4 cxd4 4. Nxd4 Nf6 5. f3 Nc6 6. Be3 Qb6 7. Qd2 Qxb2 8. Nb3 Be6 9. Qc3 Qxc3+ 10. Nxc3 a6 11. Na4 Nd7 12. O-O-O g6 13. Nd4 Nxd4 14. Bxd4 f6 15. Kb2 Bg7 16. Be2 Kf7 17. Nb6 Nxb6 18. Bxb6 f5+ 19. Bd4 Rhc8 20. Bxg7 Kxg7 21. exf5 Bxf5 22. Bd3 Bxd3 23. Rxd3 Rc5 24. Re1 Kf7 25. a4 b5 26. axb5 Rxb5+ 27. Rb3 Rab8 28. Ra1 Rxb3+ 29. cxb3 Rb6 30. Kc3 e5 31. Kc4 Ke6 32. b4 d5+ 33. Kc3 d4+ 34. Kd3 Rxb4 35. Rxa6+ Kf5 36. g4+ Kg5 37. Ke4 Rb3 38. Kxe5 Rxf3 39. Kxd4 Kxg4 40. Ra7 h5 41. Ra2 g5 42. Ke4 Rf8 43. Rg2+ Kh4 44. Rg3 g4 45. Ke3 Kg5 46. Ke2 Ra8 47. Kf2 Ra2+ 48. Kg1 Ra1+ 49. Kg2 Kh4 50. Rb3 Ra2+ 51. Kg1 Rd2 52. Kh1 Rf2 53. Kg1 Rf8 54. Kg2 Rf5 55. Kg1 Kg5 56. Kg2 h4 57. Kg1 Rc5 58. Kg2 h3+ 59. Kg3 Kf5 60. Rd3 Rc2 61. Rd5+ Ke4 62. Ra5 Rg2+ 63. Kh4 g3 64. Kxh3 Rxh2+ 65. Kxg3 Rc2 66. Ra4+ Kd3 67. Ra8 Rc3 68. Kf4 Rc4+ 69. Ke5 Rg4 70. Rd8+ Ke3 71. Kd6 Rg6+ 72. Ke7 Rg7+ 73. Ke8 Rg8+ 74. Kd7 Rxd8+ 75. Kxd8 1/2-1/2


[Site "https://www.chess.com"]

[Event "Titled Tuesday Blitz January 17 Early 2023"]
[White "Zanette, Edgard Vinicius"]
[Black "Tomaszewski, Kacper"]
[WhiteFideId "2109263"]
[BlackFideId "1127373"]
[WhiteElo "2085"]
[BlackElo "2313"]
[Result "0-1"]
[Round "06"]
[TimeControl "180+2"]
[Date "2023.01.17"]
[WhiteClock "0:00:06"]
[BlackClock "0:01:12"]

1. e4 e5 2. Nf3 Nc6 3. Bc4 Nf6 4. d4 exd4 5. e5 Ne4 6. O-O Nc5 7. c3 dxc3 8. Nxc3 Ne6 9. Be3 Be7 10. Nd5 Bc5 11. Bxc5 Nxc5 12. Rc1 O-O 13. b4 Ne6 14. b5 Ne7 15. Ne3 d6 16. Qb3 dxe5 17. Nxe5 Qd6 18. Qb2 Ng6 19. Nf5 Qd8 20. Bxe6 Bxe6 21. Nxg6 Bxf5 22. Nxf8 Kxf8 23. Qe5 Qf6 24. Qxf6 gxf6 25. Rxc7 Bd3 26. Rd1 Bxb5 27. Rxb7 a6 28. h3 Re8 29. Rd2 Re5 30. Kh2 Rg5 31. Rb6 Kg7 32. f4 Rf5 33. g3 Rc5 34. Rbd6 Bc6 35. h4 Bf3 36. R6d3 Be4 37. Ra3 f5 38. Re3 Rc1 39. Rxe4 fxe4 40. Re2 f5 41. g4 Kf6 42. g5+ Ke6 43. h5 Rf1 44. Kg3 Rg1+ 45. Kf2 Rh1 46. Ke3 Rxh5 47. Rb2 Rh3+ 48. Ke2 Rh2+ 0-1


[Site "https://www.chess.com"]

[Event "Titled Tuesday Blitz January 17 Early 2023"]
[White "Garmash, Aliona"]
[Black "Kazancev, Valerij M"]
[WhiteFideId "34127620"]
[BlackFideId "4179609"]
[WhiteElo "2039"]
[BlackElo "2313"]
[Result "0-1"]
[Round "06"]
[TimeControl "180+2"]
[Date "2023.01.17"]
[WhiteClock "0:00:01"]
[BlackClock "0:00:48"]

1. d4 g6 2. e4 Bg7 3. Nc3 e6 4. Nf3 Ne7 5. Bd3 a6 6. a4 d5 7. O-O O-O 8. Bf4 dxe4 9. Nxe4 Nbc6 10. c3 h6 11. Qd2 f5 12. Nc5 b6 13. Nb3 g5 14. Be5 Nxe5 15. Nxe5 Bxe5 16. dxe5 Qd5 17. Nd4 Bb7 18. f3 c5 19. Ne2 c4 20. Rad1 cxd3 21. Qe3 dxe2 22. Rxd5 exf1=Q+ 23. Kxf1 Nxd5 24. Qd2 Rfd8 25. h4 f4 26. Kf2 Ne3 0-1


[Site "https://www.chess.com"]

[Event "Titled Tuesday Blitz January 17 Early 2023"]
[White "Abdilkhair, Abilmansur"]
[Black "Tymrakiewicz, Rafal"]
[WhiteFideId "13716417"]
[BlackFideId "1108832"]
[WhiteElo "2268"]
[BlackElo "2144"]
[Result "1/2-1/2"]
[Round "06"]
[TimeControl "180+2"]
[Date "2023.01.17"]
[WhiteClock "0:00:08"]
[BlackClock "0:00:05"]

1. d4 d5 2. c4 c6 3. Nf3 Nf6 4. Nc3 a6 5. cxd5 cxd5 6. Bf4 Nc6 7. e3 Bg4 8. Be2 e6 9. h3 Bh5 10. Nd2 Bxe2 11. Qxe2 Bd6 12. Bxd6 Qxd6 13. O-O O-O 14. Rac1 b5 15. Nb3 Nd7 16. Rfd1 f5 17. Nc5 Nxc5 18. dxc5 Qc7 19. Qf3 Rad8 20. Ne2 e5 21. Rxd5 e4 22. Qf4 Qxf4 23. Nxf4 g5 24. Rxd8 Rxd8 25. Ne6 Rd2 26. Nd4 Nxd4 27. exd4 Rxd4 28. c6 Rd8 29. Rc5 Rc8 30. Rxf5 Rxc6 31. Rxg5+ Kf7 32. Re5 Rc1+ 33. Kh2 Rc2 34. Rxe4 Rxf2 35. Rb4 Ke6 36. Kg3 Rd2 37. a3 Kd5 38. b3 Kc5 39. Kf3 Rd3+ 40. Ke2 Rc3 41. h4 a5 42. Rg4 Rxb3 43. Rg5+ Kc4 44. Rg4+ Kc5 45. a4 bxa4 46. Rxa4 Kb5 47. Rg4 a4 48. Rg7 a3 49. Rxh7 Rb4 50. Rb7+ Kc4 51. Ra7 Kb3 52. h5 Rh4 53. Ra5 Kb4 54. Ra6 Rxh5 55. g4 Re5+ 56. Kf3 Rc5 57. Kf4 Ra5 58. Rb6+ Kc5 59. Rb1 a2 60. Rc1+ Kd4 61. g5 a1=Q 62. Rxa1 Rxa1 63. Kf5 Rf1+ 64. Ke6 Ke4 65. g6 Rg1 66. Kf7 Rf1+ 67. Ke7 Rg1 68. Kf7 Rf1+ 69. Ke7 Rg1 70. Kf7 1/2-1/2


[Site "https://www.chess.com"]

[Event "Titled Tuesday Blitz January 17 Early 2023"]
[White "Begunov, Konstantin"]
[Black "Skurikhin, Dmitrij"]
[WhiteFideId "4118510"]
[BlackFideId "4161297"]
[WhiteElo "2325"]
[BlackElo "2297"]
[Result "0-1"]
[Round "06"]
[TimeControl "180+2"]
[Date "2023.01.17"]
[WhiteClock "0:00:16"]
[BlackClock "0:01:00"]

1. d4 d5 2. c4 c6 3. Nc3 Nf6 4. Nf3 dxc4 5. a4 Bf5 6. e3 e6 7. Bxc4 Bb4 8. O-O Nbd7 9. Qe2 Bg6 10. Rd1 O-O 11. Ne5 Nxe5 12. dxe5 Nd7 13. f4 Qe7 14. Bd2 Kh8 15. Be1 a5 16. Qg4 f5 17. exf6 Nxf6 18. Qf3 Bh5 19. Qh3 Bxd1 20. Rxd1 Rad8 21. Rxd8 Qxd8 22. Bxe6 Re8 23. Bf7 Re7 24. Bc4 Bxc3 25. Bxc3 Qd1+ 26. Bf1 Qc1 27. Be5 Re8 28. Qf5 Qxe3+ 29. Kh1 Ne4 30. h3 Ng3+ 0-1


[Site "https://www.chess.com"]

[Event "Titled Tuesday Blitz January 17 Early 2023"]
[White "Myshakov, Fyodor"]
[Black "Alfaro, William"]
[WhiteFideId "14111284"]
[BlackFideId "6100457"]
[WhiteElo "2292"]
[BlackElo "2134"]
[Result "0-1"]
[Round "06"]
[TimeControl "180+2"]
[Date "2023.01.17"]
[WhiteClock "0:00:08"]
[BlackClock "0:00:59"]

1. c4 Nf6 2. Nc3 g6 3. Nf3 Bg7 4. g3 d6 5. Bg2 O-O 6. O-O c5 7. d4 cxd4 8. Nxd4 Nc6 9. Nxc6 bxc6 10. Bxc6 Rb8 11. Bg2 Qc7 12. Qd3 Ba6 13. b3 d5 14. Ba3 dxc4 15. bxc4 Bxc4 16. Qe3 Rfe8 17. Rac1 Qa5 18. Ne4 Bxe2 19. Rc5 Qa6 20. Re1 Bc4 21. Nxf6+ Bxf6 22. Rc6 Qa4 23. Rc7 Be6 24. Bc6 Qc2 25. Rc1 Qxa2 26. Bxe8 Rxe8 27. Rxa7 Qd5 28. Qe2 Bh3 29. f3 Bd4+ 30. Kh1 Bxa7 31. Bxe7 Rxe7 32. Rc8+ Kg7 33. Qb2+ Bd4 0-1


[Site "https://www.chess.com"]

[Event "Titled Tuesday Blitz January 17 Early 2023"]
[White "Rios Escobar, Adan"]
[Black "Krstulovic, Alex"]
[WhiteFideId "3403645"]
[BlackFideId "760056"]
[WhiteElo "2234"]
[BlackElo "2428"]
[Result "1-0"]
[Round "06"]
[TimeControl "180+2"]
[Date "2023.01.17"]
[WhiteClock "0:00:58"]
[BlackClock "0:00:45"]

1. d4 Nf6 2. g3 d5 3. Nf3 c5 4. Bg2 cxd4 5. O-O Nc6 6. Nxd4 e5 7. Nxc6 bxc6 8. c4 Be6 9. Nc3 Qd7 10. Qa4 Rc8 11. cxd5 cxd5 12. Qxd7+ Kxd7 13. Rd1 Bc5 14. Na4 Bb6 15. Bg5 Rc2 16. Bxf6 gxf6 17. Bxd5 Bxd5 18. Rxd5+ Ke6 19. Nxb6 axb6 20. Rb5 Rxe2 21. Rxb6+ Kf5 22. a4 Rc8 23. Ra3 e4 24. Re3 Rc1+ 25. Kg2 Rxe3 26. fxe3 Rc2+ 27. Kh3 Re2 28. a5 Rxe3 29. a6 Re1 30. b4 Ra1 31. Rb5+ Kg6 32. Ra5 Rxa5 33. bxa5 1-0


[Site "https://www.chess.com"]

[Event "Titled Tuesday Blitz January 17 Early 2023"]
[White "Player, Edmund C"]
[Black "Kostenko, Petr"]
[WhiteFideId "406520"]
[BlackFideId "13700669"]
[WhiteElo "2204"]
[BlackElo "2371"]
[Result "1/2-1/2"]
[Round "06"]
[TimeControl "180+2"]
[Date "2023.01.17"]
[WhiteClock "0:00:12"]
[BlackClock "0:00:20"]

1. e4 c6 2. d4 d5 3. Nd2 dxe4 4. Nxe4 Nf6 5. Nxf6+ exf6 6. c3 Bd6 7. Bd3 Na6 8. Qc2 Nc7 9. Ne2 h5 10. O-O Kf8 11. Bf4 g6 12. Rfe1 Kg7 13. h4 a5 14. Qd2 Bg4 15. Bxd6 Qxd6 16. Qf4 Qd7 17. f3 Be6 18. Qg3 Rae8 19. Nf4 Bf5 20. Bf1 a4 21. Rxe8 Nxe8 22. Re1 Nd6 23. a3 b5 24. Nd3 Bxd3 25. Bxd3 Re8 26. Qf2 Nc8 27. Rxe8 Qxe8 28. Kf1 Nb6 29. Qe2 Qxe2+ 30. Kxe2 f5 31. f4 Kf6 32. g3 Ke6 33. Bb1 Nc4 34. Ba2 Ke7 35. Bxc4 bxc4 36. Ke3 Kd6 37. Kf3 Kd5 38. Ke3 c5 39. dxc5 Kxc5 40. Kf3 Kd5 41. Ke3 Kc5 42. Kf3 Kd5 43. Ke3 Kc5 1/2-1/2


[Site "https://www.chess.com"]

[Event "Titled Tuesday Blitz January 17 Early 2023"]
[White "Sanchez, Robert"]
[Black "Lakshmi C"]
[WhiteFideId "2034360"]
[BlackFideId "25035347"]
[WhiteElo "1966"]
[BlackElo "1928"]
[Result "1-0"]
[Round "06"]
[TimeControl "180+2"]
[Date "2023.01.17"]
[WhiteClock "0:00:42"]
[BlackClock "0:00:03"]

1. e4 c5 2. Nf3 Nc6 3. d4 cxd4 4. Nxd4 Nf6 5. Nc3 e5 6. Ndb5 d6 7. Bg5 a6 8. Bxf6 gxf6 9. Na3 b5 10. Nd5 Bg7 11. Bd3 Ne7 12. c4 Nxd5 13. exd5 f5 14. Qb3 e4 15. Be2 Qa5+ 16. Kf1 Qd2 17. Rb1 b4 18. Nc2 a5 19. Rd1 Qg5 20. c5 dxc5 21. Bb5+ Bd7 22. Bxd7+ Kxd7 23. Qa4+ Kd8 24. Qc6 Rc8 25. Qb6+ Ke8 26. d6 Rd8 27. Ne3 Bd4 28. Nd5 1-0


[Site "https://www.chess.com"]

[Event "Titled Tuesday Blitz January 17 Early 2023"]
[White "Boder, Jan"]
[Black "Bashirli, Saadat"]
[WhiteFideId "16243226"]
[BlackFideId "13429990"]
[WhiteElo "2294"]
[BlackElo "1571"]
[Result "1-0"]
[Round "06"]
[TimeControl "180+2"]
[Date "2023.01.17"]
[WhiteClock "0:00:07"]
[BlackClock "0:01:32"]

1. e4 e6 2. Nf3 d5 3. exd5 exd5 4. d4 Bf5 5. Bd3 Bxd3 6. Qxd3 Bd6 7. O-O c6 8. Re1+ Ne7 9. Bg5 O-O 10. c4 Qc7 11. c5 Bf4 12. Rxe7 Qd8 13. Qe2 Bxg5 14. Nxg5 Nd7 15. Nc3 Rb8 16. Re1 b6 17. Qh5 h6 18. Nxf7 Qc7 19. Nxh6+ gxh6 20. Qg6+ Kh8 1-0


[Site "https://www.chess.com"]

[Event "Titled Tuesday Blitz January 17 Early 2023"]
[White "Cueto, Jonny"]
[Black "Buchenau, Frank"]
[WhiteFideId "3300145"]
[BlackFideId "4604350"]
[WhiteElo "2122"]
[BlackElo "2222"]
[Result "0-1"]
[Round "06"]
[TimeControl "180+2"]
[Date "2023.01.17"]
[WhiteClock "0:00:02"]
[BlackClock "0:00:16"]

1. d4 e6 2. Bf4 Nf6 3. e3 d5 4. Nf3 c5 5. Nbd2 Bd6 6. Ne5 O-O 7. c3 Nc6 8. Bd3 Qc7 9. Ndf3 Ne4 10. Qc2 f6 11. Nxc6 Bxf4 12. exf4 Qxc6 13. O-O b6 14. Rfe1 Bb7 15. Nd2 Nxd2 16. Qxd2 a5 17. a4 Ba6 18. Bb5 Bxb5 19. axb5 Qd7 20. Rad1 Rfe8 21. dxc5 bxc5 22. c4 d4 23. Ra1 Qc7 24. g3 e5 25. fxe5 fxe5 26. Re4 Qf7 27. b3 a4 28. Rxa4 Rxa4 29. bxa4 Qxc4 30. Qd1 Qd5 31. Re2 c4 32. Rb2 c3 33. Rb1 d3 34. Rc1 Qd4 35. Qe1 d2 36. Qd1 dxc1=Q 37. Qxc1 Qd2 38. Qa3 c2 39. Qd6 Qxd6 0-1


[Site "https://www.chess.com"]

[Event "Titled Tuesday Blitz January 17 Early 2023"]
[White "Ruge, Edison"]
[Black "Heinemann, Josefine"]
[WhiteFideId "4401000"]
[BlackFideId "12900460"]
[WhiteElo "2201"]
[BlackElo "2289"]
[Result "0-1"]
[Round "06"]
[TimeControl "180+2"]
[Date "2023.01.17"]
[WhiteClock "0:00:02"]
[BlackClock "0:00:16"]

1. e4 e5 2. Nf3 Nc6 3. Bb5 a6 4. Ba4 Nf6 5. Qe2 b5 6. Bb3 Be7 7. a4 Rb8 8. axb5 axb5 9. Nc3 O-O 10. d3 d6 11. h3 Be6 12. Bxe6 fxe6 13. Be3 b4 14. Nb1 Qd7 15. b3 Ra8 16. Rxa8 Rxa8 17. O-O Ra2 18. Qd1 d5 19. exd5 exd5 20. Bg5 h6 21. Bh4 Qf5 22. Nbd2 Bd6 23. Bg3 Ne7 24. Qb1 Ra8 25. Qb2 Ng6 26. Ra1 Rxa1+ 27. Qxa1 Nf4 28. Bxf4 Qxf4 29. g3 Qf5 30. Kg2 e4 31. dxe4 Nxe4 32. Qa8+ Kh7 33. Qe8 Nxd2 34. Nxd2 Qxc2 35. Qe3 Bc5 36. Qf4 Bd6 37. Qe3 c5 38. Nf3 c4 39. Qe6 cxb3 40. Nd4 Qe4+ 41. Qxe4+ dxe4 42. Nxb3 Kg6 43. Kf1 e3 44. fxe3 Bxg3 45. Ke2 Bd6 46. Kf3 Kf5 47. e4+ Ke5 48. Ke3 Be7 49. Kd3 Kf4 50. Nd4 g6 51. Nc6 Bf8 52. e5 Kf5 53. Kd4 g5 54. Kd5 h5 0-1


[Site "https://www.chess.com"]

[Event "Titled Tuesday Blitz January 17 Early 2023"]
[White "Degenbaev, Aziz"]
[Black "Mohammadian, Mohammad"]
[WhiteFideId "13802640"]
[BlackFideId "12566055"]
[WhiteElo "2203"]
[BlackElo "1398"]
[Result "1-0"]
[Round "06"]
[TimeControl "180+2"]
[Date "2023.01.17"]
[WhiteClock "0:01:32"]
[BlackClock "0:00:48"]

1. e4 e5 2. Nf3 Nc6 3. Bc4 Bc5 4. c3 Nf6 5. d3 h6 6. O-O O-O 7. h3 d6 8. a4 a5 9. Re1 Bb6 10. Be3 Bxe3 11. Rxe3 Re8 12. Nbd2 Be6 13. Qb3 Bxc4 14. Nxc4 b6 15. Rd1 Ne7 16. d4 exd4 17. cxd4 Ng6 18. e5 d5 19. exf6 dxc4 20. Rxe8+ Qxe8 21. Qxc4 gxf6 22. Qxc7 Qxa4 23. Re1 Qb4 24. Qc6 Rf8 25. Qxf6 Qxb2 26. h4 Kh7 27. h5 Nh8 28. Qf5+ Kg7 29. Re4 f6 30. Rg4+ Kf7 31. Qd7# 1-0


[Site "https://www.chess.com"]

[Event "Titled Tuesday Blitz January 17 Early 2023"]
[White "Yuan, Qingyu"]
[Black "Thomas, Anysia"]
[WhiteFideId "8609772"]
[BlackFideId "670472"]
[WhiteElo "2373"]
[BlackElo "2147"]
[Result "0-1"]
[Round "06"]
[TimeControl "180+2"]
[Date "2023.01.17"]
[WhiteClock "0:00:33"]
[BlackClock "0:00:07"]

1. e4 c5 2. Nf3 g6 3. c3 d5 4. exd5 Qxd5 5. d4 Bg7 6. Na3 cxd4 7. Nb5 Na6 8. Nbxd4 Nf6 9. Bb5+ Bd7 10. Bxa6 bxa6 11. O-O O-O 12. Re1 Rfe8 13. Ne5 Bc8 14. Qe2 Bb7 15. f3 Nh5 16. Nb3 a5 17. Bd2 a4 18. Nd4 f6 19. Ng4 e5 20. Nc2 e4 21. f4 e3 22. Ncxe3 Nxf4 23. Qf2 Nh3+ 24. Kf1 Ba6+ 25. c4 Bxc4+ 26. Nxc4 Qxc4+ 27. Qe2 Rxe2 28. Rxe2 Re8 29. Re1 Rxe2 30. Rxe2 Nf4 31. Bxf4 Qxf4+ 32. Nf2 Qc1+ 33. Re1 Qxb2 34. Re8+ Kf7 35. Re2 Qb1+ 36. Re1 Qxa2 37. Ne4 Qc4+ 38. Kf2 Qd4+ 39. Kf3 Bh6 40. g4 Qd3+ 41. Kf2 Bg5 42. Kg2 a3 43. Nf2 Qc2 44. Rd1 Bh4 45. Rd7+ Ke6 46. Rb7 Qxf2+ 47. Kh3 g5 48. Re7+ Kd5 49. Re5+ Kc4 50. Ra5 Qf3# 0-1


[Site "https://www.chess.com"]